 Dungeon Crawl Stone Soup version 0.31-a0-845-g9abc20d24f (webtiles) character file.

Game seed: 14220700338834217939

23 Nattfarinn the Stinger (level 2, -5/15 HPs)
             Began as a Gargoyle Venom Mage on Oct 2, 2023.
             Slain by a gnoll
             ... wielding a +0 whip
              (7 damage)
             ... on level 2 of the Dungeon.
             The game lasted 00:01:46 (1111 turns).

Nattfarinn the Stinger (Gargoyle Venom Mage)        Turns: 1111, Time: 00:01:46

Health: -5/15      AC:  4    Str: 17    XL:     2   Next: 95%
Magic:  2/5        EV: 11    Int: 15    God:
Gold:   56         SH:  0    Dex: 10    Spells: 4/5 levels left

rFire   . . .        (no weapon)
rCold   . . .        (no shield)
rNeg    + . .        a - +0 robe
rPois   ∞            (no helmet)
rElec   +            (no cloak)
rCorr   .            (no gloves)
SInv    .            (no boots)
Will    .....        (no amulet)
Stlth   ++           f - +6 ring of strength
HPRegen 0.22/turn    (no ring)
MPRegen 0.09/turn

%: no passive effects
@: no status effects
A: sickness immunity, AC +2, negative energy resistance 1, electricity
resistance, torment resistance 1, petrification resistance
a: no special abilities


You were on level 2 of the Dungeon.
You visited 1 branch of the dungeon, and saw 2 of its levels.

You collected 56 gold pieces.

Inventory:

Armour
 a - a +0 robe (worn)
Jewellery
 f - a +6 ring of strength (left hand)
Talismans
 m - a flux talisman
Scrolls
 c - 2 scrolls of enchant weapon {unknown}
 g - a scroll of vulnerability {unknown}
 h - a scroll of revelation {unknown}
 i - a scroll of amnesia {unknown}
 j - a scroll of teleportation {unknown}
Potions
 b - a potion of magic
 d - a potion of invisibility {unknown}
 e - a potion of brilliance {unknown}
 k - a potion of mutation {unknown}
 l - a potion of might {unknown}


   Skills:
 - Level 1.5 Dodging
 - Level 2.1 Stealth
 + Level 2.4 Spellcasting
 - Level 0.7 Transmutations
 * Level 3.7 Poison Magic


You had 4 spell levels left.
You knew the following spells:

 Your Spells              Type           Power      Damage    Failure   Level
a - Sting                 Tmut/Pois      32%        1d4       9%          1

Your spell library contained the following spells:

 Spells                   Type           Power      Damage    Failure   Level
 Poisonous Vapours        Pois/Air       14%        N/A       16%         2
 Mephitic Cloud           Conj/Pois/Air  5%         N/A       36%         3
 Olgreb's Toxic Radiance  Pois           13%        N/A       41%         4


Dungeon Overview and Level Annotations

Branches:
Dungeon (2/15)

Altars:


Innate Abilities, Weirdness & Mutations

You are immune to sickness and miasma.
Your stone body is resilient. (AC +2)
You are immune to poison.
You resist negative energy. (rN+)
You are resistant to electric shocks. (rElec)
You are resistant to unholy torment.
You are immune to petrification.


Message History

m - a flux talisman A rat comes into view.
A rat is nearby!
A rat is nearby!
The sting misses the rat.
The rat closely misses you.
The sting misses the rat.
The rat closely misses you.
The sting hits the rat but does no damage.
The rat is poisoned.
The rat misses you.
You miscast Sting.
You are very lightly contaminated with residual magic.
Nothing appears to happen.
The rat twitches its whiskers.
The rat barely misses you.
The sting hits the rat.
The rat looks even sicker.
You kill the rat!
You are out of magic!
Your magical contamination has completely faded away.
Magic restored.
Found 5 stones.
A gnoll comes into view. It is wielding a +0 whip.
Found 2 poisoned darts.
A gnoll is nearby!
A gnoll is nearby!
A gnoll is nearby!
A gnoll comes into view. It is wielding a +0 club.
The sting hits the gnoll but does no damage.
The gnoll is poisoned.
The sting hits the gnoll.
The gnoll looks even sicker.
The gnoll is moderately wounded.
The sting misses the gnoll.
The gnoll hits you with a +0 whip!
Ouch! That really hurt!
You are too injured to fight recklessly!
You are too injured to fight recklessly!
You are too injured to fight recklessly!
You are too injured to fight recklessly!
You are too injured to fight recklessly!
The gnoll attacks as it pursues you! The gnoll hits you with a +0 whip.
* * * LOW HITPOINT WARNING * * *
The gnoll attacks as it pursues you! The gnoll hits you with a +0 whip!
You die...

######### #..(....#
#.#####.####
#.##.......#
####.##.##.##.######
#.......##.##@##...
#..........##g##.###.#..
#..####.#####..........#
#..#....# ####.###!#.
#.......# #.# #..#.##.#
..# #.......# ...(
#.##.##(# .....
#.##.##.# .......


You could see a gnoll (poisoned).

Vanquished Creatures
  2 dart slugs (D:1)
  A ball python (D:1)
  3 bats (D:1)
  2 goblins (D:1)
  3 hobgoblins (D:1)
  A quokka (D:1)
  A frilled lizard (D:1)
  2 kobolds (D:1)
  3 rats
18 creatures vanquished.

Notes
Turn   | Place    | Note
-------+----------+-------------------------------------------
     0 | D:1      | Nattfarinn the Gargoyle Venom Mage began the quest for the
                  | Orb.
     0 | D:1      | Reached XP level 1. HP: 10/10 MP: 3/3
    41 | D:1      | Reached XP level 2. HP: 12/15 MP: 1/5
   933 | D:1      | Found a faded altar of an unknown god.
  1111 | D:2      | Slain by a gnoll

Illustrated notes

Levels and vault maps discovered:
D:1:      roderic_crossed_star, layout_basic,
          shapermc_ecumenical_altar_flowoftime
D:2:      layout_loops_cross, basic_altar, uniq_crazy_yiuf_cottage

Action                     || total
---------------------------++-------
  Melee: Unarmed           ||    41
   Cast: Sting             ||    37
 Armour: Robe              ||    61
  Dodge: Dodged            ||    49

Table legend: (Time is in decaauts)
 A = Elapsed time spent in this place.
 B = Non-inter-level travel time spent in this place.
 C = Inter-level travel time spent in this place.
 D = Time resting spent in this place.
 E = Time spent auto-exploring this place.
 F = Levels seen in this place.
 G = Mean time per level.
                   A        B        C        D        E       F      G
               +--------+--------+--------+--------+--------+-----+--------+
         Total |   1110 |   1099 |     11 |     41 |    895 |   2 |  555.0 |
       Dungeon |   1110 |   1099 |     11 |     41 |    895 |   2 |  555.0 |
               +--------+--------+--------+--------+--------+-----+--------+

Top non-repeatable levels by time:
     D:1: 994 daAuts
     D:2: 115 daAuts
